 Dungeon Crawl Stone Soup version 0.31-a0-149-g3fdcc5976a (webtiles) character file.

Game seed: 17405599859478357689

59 billz999 the Stinger (level 4, -1/27 HPs)
             Began as an Octopode Venom Mage on June 8, 2023.
             Succumbed to a goblin's poison
             ... on level 1 of the Dungeon.
             The game lasted 00:03:24 (1698 turns).

billz999 the Stinger (Octopode Venom Mage)          Turns: 1698, Time: 00:03:24

Health: -1/27      AC:  1    Str:  7    XL:     4   Next: 3%
Magic:  2/8        EV: 13    Int: 19    God:
Gold:   105        SH:  0    Dex: 12    Spells: 6/9 levels left

rFire   . . .        (no weapon)
rCold   . . .        (no shield)
rNeg    . . .        (helmet restricted)
rPois   .            (no amulet)
rElec   .            (no ring)
rCorr   .            (no ring)
SInv    .            (no ring)
Will    .....        (no ring)
Stlth   +++          (no ring)
HPRegen 0.24/turn    (no ring)
MPRegen 0.11/turn    (no ring)
                     (no ring)

%: no passive effects
@: lethally poisoned (-1 -> -11)
A: almost no armour, amphibious, 8 rings, camouflage 1, gelatinous body 1,
(nimble swimmer 1), tentacles
a: no special abilities


You were on level 1 of the Dungeon.
You visited 1 branch of the dungeon, and saw 2 of its levels.

You collected 105 gold pieces.

Inventory:

Missiles
 h - 9 poisoned darts
Scrolls
 d - 2 scrolls of fog {unknown}
 f - a scroll of noise {unknown}
 g - a scroll of amnesia {unknown}
Potions
 a - a potion of magic
 b - 2 potions of mutation {unknown}
 c - 2 potions of degeneration {unknown}
 e - a potion of brilliance {unknown}
 i - a potion of resistance {unknown}


   Skills:
 - Level 2.0 Dodging
 - Level 2.6 Stealth
 * Level 3.1 Spellcasting
 + Level 1.9 Transmutations
 + Level 4.2 Poison Magic


You had 6 spell levels left.
You knew the following spells:

 Your Spells              Type           Power      Damage    Failure   Level
a - Sting                 Tmut/Pois      56%        1d5       4%          1
b - Poisonous Vapours     Pois/Air       22%        N/A       10%         2

Your spell library contained the following spells:

 Spells                   Type           Power      Damage    Failure   Level
 Apportation              Tloc           4%         N/A       16%         1
 Mephitic Cloud           Conj/Pois/Air  8%         N/A       26%         3
 Olgreb's Toxic Radiance  Pois           19%        N/A       26%         4
 Alistair's Intoxication  Tmut/Pois      9%         N/A       75%         5


Dungeon Overview and Level Annotations

Branches:
Dungeon (2/15)

Altars:


Innate Abilities, Weirdness & Mutations

You cannot wear most types of armour.
You are amphibious.
You can wear up to eight rings at the same time.
Your skin changes colour to match your surroundings (Stealth+).
Your rubbery body absorbs attacks. (AC +1, EV +1)
((You are camouflaged when in or above water. (Stealth+)))
You have tentacles for arms and can constrict up to eight enemies at once.


Message History

Robin is heavily wounded.
You constrict Robin, but do no damage. Robin hits you with a +0 club.
You tentacle-slap Robin but do no damage.
You squeeze Robin, but do no damage.
Robin is heavily wounded.
You constrict Robin.
A goblin comes into view. It is wielding a +0 club.
Robin roars a battlecry!
The goblins go into a battle-frenzy!
The goblin shouts!
You hear a shout!
You tentacle-slap Robin but do no damage.
Robin is severely wounded.
You constrict Robin. Robin hits you with a +0 club.
You tentacle-slap Robin but do no damage.
Robin is almost dead.
You constrict Robin.
You kill Robin!
You have reached level 4!
A goblin comes into view. It is wielding a +2 dagger of venom.
The goblin barely misses you. The goblin hits you with a +0 club. x2
There is a stone staircase leading up, spattered with blood here.
The goblin barely misses you. The goblin hits you with a +0 club.
The goblin misses you. The goblin hits you with a +0 club.
You climb upwards.
There is a stone staircase leading down here.
The goblin closely misses you.
You closely miss the goblin. Your grab misses the goblin.
Your squeeze misses the goblin. The goblin closely misses you.
The goblin completely misses you. The goblin hits you with a +0 club.
The goblin closely misses you. The goblin attacks as you move away!
The goblin hits you with a +0 club.
* * * LOW HITPOINT WARNING * * *
The goblin hits you with a +1 dagger of venom.
* * * LOW HITPOINT WARNING * * *
You are lethally poisoned!
The goblin hits you with a +0 club.
* * * LOW HITPOINT WARNING * * *
The goblin attacks as you move away! The goblin barely misses you.
You die...

#.#### #####.......##### #. #.#
##.............## #. ..#
##...............## #. #.#
#.................# #. #.##
#........⌠........# ##. #..#
#.......⌠>⌠.......# ##.) #..##
#........ggg......# #..#
#...#####.......g.......######.##
#.#...####......@......####....#
#.###..######.......#####...####
#.# ##....######.########.### #.#
####........>........#
#.##########.##############
#.##.....# #.# #.##.###.###.#
#.##'###.....### ...............#


You could see 4 goblins.

Vanquished Creatures
  Robin (D:2)
  An adder (D:2)
  2 dart slugs
  3 endoplasms (D:1)
  2 giant cockroaches (D:2)
  8 goblins
  3 hobgoblins
  5 ball pythons
  A bat (D:1)
  A frilled lizard (D:1)
  4 kobolds
  7 rats
38 creatures vanquished.

Notes
Turn   | Place    | Note
-------+----------+-------------------------------------------
     0 | D:1      | billz999 the Octopode Venom Mage began the quest for the
                  | Orb.
     0 | D:1      | Reached XP level 1. HP: 11/11 MP: 3/3
   328 | D:1      | Reached XP level 2. HP: 17/17 MP: 0/5
   681 | D:1      | Learned a level 2 spell: Poisonous Vapours
  1029 | D:2      | Reached skill level 4 in Poison Magic
  1218 | D:2      | Reached XP level 3. HP: 21/21 MP: 4/7
  1556 | D:2      | Noticed Robin
  1686 | D:2      | Killed Robin
  1687 | D:2      | Reached XP level 4. HP: 19/27 MP: 0/8
  1698 | D:1      | Succumbed to a goblin's poison

Illustrated notes

Levels and vault maps discovered:
D:1:      dpeg_arrival_three_bigger_balls, layout_basic, serial_aquarium,
          aquarium_bridge_square [aquarium_subvault_bridge,
          aquarium_subvault_window, aquarium_subvault_wall,
          aquarium_subvault_bridge], aquarium_window_2, aquarium_window_fake,
          aquarium_window_corridor_3, aquarium_window_corner, aquarium_view_2d,
          aquarium_view_2f, aquarium_balcony_1a, aquarium_pool_1
D:2:      layout_basic, grunt_ministairs_2, nicolae_hexahallways,
          minmay_shallow_snake_nest, uniq_robin

Skill      XL: |  1  2  3 |
---------------+----------+-----
Poison Magic   | 4 |  4.2
Spellcasting   | 3 |  3.1
Dodging        | |  2.0
Stealth        | |  2.6
Transmutations | |  1.9

Action                     |  1- 3 |  4- 6 || total
---------------------------+-------+-------++-------
  Melee: Unarmed           |    19 |     1 ||    20
         Constrict         |     4 |       ||     4
         Tentacles         |     2 |       ||     2
   Cast: Sting             |    49 |       ||    49
         Poisonous Vapours |    10 |       ||    10
  Dodge: Dodged            |    16 |     8 ||    24

Table legend: (Time is in decaauts)
 A = Elapsed time spent in this place.
 B = Non-inter-level travel time spent in this place.
 C = Inter-level travel time spent in this place.
 D = Time resting spent in this place.
 E = Time spent auto-exploring this place.
 F = Levels seen in this place.
 G = Mean time per level.
                   A        B        C        D        E       F      G
               +--------+--------+--------+--------+--------+-----+--------+
         Total |   1698 |   1656 |     42 |     59 |   1331 |   2 |  849.0 |
       Dungeon |   1698 |   1656 |     42 |     59 |   1331 |   2 |  849.0 |
               +--------+--------+--------+--------+--------+-----+--------+

Top non-repeatable levels by time:
     D:1: 1030 daAuts
     D:2: 667 daAuts
